 Dungeon Crawl Stone Soup version 0.26.1-11-gd32895ea62 (webtiles) character file.

Game seed: 13534072807371441616

114 mankey1987 the Cudgeller (level 4, -9/48 HPs)
             Began as an Ogre Berserker on May 31, 2021.
             Was a Believer of Trog.
             Killed from afar by Natasha (12 damage)
             ... with a magic dart
             ... on level 3 of the Dungeon.
             The game lasted 00:02:26 (3064 turns).

mankey1987 the Cudgeller (Ogre Berserker)           Turns: 3064, Time: 00:02:26

Health: -9/48      AC:  3    Str: 21    XL:     4   Next: 98%
Magic:  4/4        EV: 10    Int:  8    God:    Trog [**....]
Gold:   96         SH:  0    Dex:  9    Spells: 3/3 levels left

rFire    . . .     SeeInvis .   a - +0 mace
rCold    . . .     Faith    .   (no shield)
rNeg     . . .     Spirit   .   b - +0 animal skin
rPois    .         Reflect  .   (helmet restricted)
rElec    .         Harm     .   (no cloak)
rCorr    .         Rampage  .   (gloves unavailable)
Will     .....                  (boots unavailable)
Stlth    +.........             i - amulet of the acrobat
HPRegen  0.16/turn              (no ring)
MPRegen  0.09/turn              (no ring)

@: slowed, very slow
A: large, unfitting armour, tough skin 1
a: Renounce Religion, Berserk, Trog's Hand


You were on level 3 of the Dungeon.
You worshipped Trog.
Trog was pleased with you.
You visited 1 branch of the dungeon, and saw 3 of its levels.

You collected 96 gold pieces.

Inventory:

Hand Weapons
 a - a +0 mace (weapon)
Armour
 b - a +0 animal skin (worn)
Jewellery
 i - an amulet of the acrobat (around neck)
 j - an uncursed amulet of reflection
Scrolls
 c - a scroll of fog {unknown}
 d - 2 scrolls of magic mapping {unknown}
 g - a scroll of enchant armour {unknown}
 l - a scroll of blinking {unknown}
 m - 2 scrolls of remove curse {unknown}
Potions
 e - a potion of mutation {unknown}
 f - a potion of heal wounds {unknown}
 h - 2 potions of resistance {unknown}
 k - a potion of haste {unknown}
 n - a potion of degeneration {unknown}


   Skills:
 - Level 4.0 Fighting
 - Level 5.0 Maces & Flails
 + Level 2.7 Dodging


You had 3 spell levels left.
You didn't know any spells.
Your spell library was empty.

Dungeon Overview and Level Annotations

Branches:
Dungeon (3/15)

Altars:

Annotations:
D:3 Natasha


Innate Abilities, Weirdness & Mutations

You are too large for most types of armour.
You have tough skin. (AC +1)


Message History

You sock Natasha!
Natasha is almost dead.
Natasha stares at you and mumbles some strange words.
The magic dart hits you. The white imp barely misses you.
Natasha barely misses you.
You closely miss Natasha.
Natasha is almost dead.
The white imp barely misses you. Natasha claws you but does no damage.
The white imp hits you. The white imp freezes you.
You hit Natasha.
Natasha is almost dead.
Natasha claws you.
* * * LOW HITPOINT WARNING * * *
The white imp shouts, "Take thy face hence, thou yeasty hell-hated yak-dropping!"
The white imp gestures at you. The puff of frost hits you!
* * * LOW HITPOINT WARNING * * *
Natasha casts a spell at you. The magic dart hits you!
You die...

###...........####..
#....#####.#..#
#........#....##.
#.####.#.#......
#......#.#....##.
######)#.#.......
#.#.#.>.....
###.#.#.....#.
#.....@h......
#..†...5......
#.......######
#.......# #.......#
###....... #........
#........ #........


You could see Natasha and a white imp (summoned).

Vanquished Creatures
  A howler monkey (D:3)
  Jessica (D:3)
  An adder (D:2)
  A worm (D:2)
  A dart slug (D:1)
  3 leopard geckos
  An orc (D:3)
  4 bats (D:1)
  2 giant cockroaches
  4 goblins
  2 hobgoblins (D:1)
  A frilled lizard (D:1)
  6 kobolds
  6 rats
34 creatures vanquished.

Notes
Turn   | Place    | Note
-------+----------+-------------------------------------------
     0 | D:1      | mankey1987 the Ogre Berserker began the quest for the Orb.
     0 | D:1      | Reached XP level 1. HP: 24/24 MP: 1/1
   249 | D:1      | Reached skill level 3 in Maces & Flails
   280 | D:1      | Reached XP level 2. HP: 32/32 MP: 2/2
  1181 | D:1      | Reached XP level 3. HP: 33/39 MP: 3/3
  2133 | D:2      | Reached ** piety under Trog
  2641 | D:3      | Noticed Jessica
  2661 | D:3      | Reached skill level 4 in Maces & Flails
  2661 | D:3      | Reached XP level 4. HP: 45/48 MP: 4/4
  2664 | D:3      | Killed Jessica
  2707 | D:2      | Reached skill level 5 in Maces & Flails
  2725 | D:2      | HP: 2/48 [poisoned by an adder]
  2730 | D:2      | HP: 2/48 [poisoned by an adder]
  3054 | D:3      | Noticed Natasha
  3064 | D:3      | Killed from afar by Natasha

Illustrated notes

Levels and vault maps discovered:
D:1:      doesnt_arrival_eight_statues, layout_basic
D:2:      layout_basic, serial_corexii_hall, corexii_hall_statues_l,
          corexii_hall_statues_u, kennysheep_boxes
D:3:      layout_basic, uniq_grinder, uniq_jessica, uniq_robin, uniq_sigmund,
          uniq_natasha

Skill      XL: |  1  2  3  4 |
---------------+-------------+-----
Maces & Flails | 3 4 5 |  5.0
Fighting       | |  4.0
Dodging        | |  2.7

Action                   |  1- 3 |  4- 6 || total
-------------------------+-------+-------++-------
Melee: Mace              |   105 |    28 ||   133
Invok: Berserk           |     2 |     1 ||     3
Armor: Animal skin       |    41 |     7 ||    48
Dodge: Dodged            |    82 |    16 ||    98
